 Dungeon Crawl Stone Soup version 0.30-a0-956-gcec3b41aec (webtiles) character file.

Game seed: 9374474599609457434

1236 cforsyth the Shield-Bearer (level 8, -7/59 (65) HPs)
             Began as a Formicid Fighter on Mar 29, 2023.
             Mangled by Maggie
             ... wielding a +1 scimitar of flaming
              (21 damage)
             ... on level 6 of the Dungeon on Mar 30, 2023.
             The game lasted 00:06:40 (6766 turns).

cforsyth the Shield-Bearer (Formicid Fighter)       Turns: 6766, Time: 00:06:41

HP:   -7/59 (65)    AC:  7    Str: 23    XL:     8   Next: 78%
MP:   8/8           EV:  9    Int:  8    God:
Gold: 304           SH:  5    Dex: 13    Spells: 7/7 levels left

rFire   . . .      SeeInvis +    u - +0 dire flail (holy)
rCold   . . .      Faith    .    c - +0 buckler
rNeg    . . .      Spirit   .    b - +0 scale mail
rPois   .          Reflect  .    (helmet unavailable)
rElec   .          Rampage  .    (no cloak)
rCorr   .                        (no gloves)
Will    .....                    (no boots) Stlth
                                 (no amulet)
HPRegen 0.29/turn                (no ring)
MPRegen 0.11/turn                (no ring)

@: mesmerised, drained
A: permanent stasis, dig shafts and tunnels, antennae 3, four strong arms
a: Dig, Shaft Self


You were on level 6 of the Dungeon.
You visited 1 branch of the dungeon, and saw 6 of its levels.

You collected 304 gold pieces.

Inventory:

Hand Weapons
 a - a +0 flail
 u - a +0 dire flail of holy wrath (weapon)
Armour
 b - a +0 scale mail (worn)
 c - a +0 buckler (worn)
Wands
 o - a wand of quicksilver (4)
Scrolls
 e - a scroll of enchant armour {unknown}
 g - 6 scrolls of identify {unknown}
 h - a scroll of vulnerability {unknown}
 i - 6 scrolls of teleportation {unknown}
 k - 2 scrolls of poison {unknown}
 m - a scroll of fear {unknown}
 q - a scroll of magic mapping {unknown}
 r - a scroll of amnesia {unknown}
 s - a scroll of fog {unknown}
 v - a scroll of immolation {unknown}
Potions
 d - 4 potions of might
 f - 3 potions of heal wounds {unknown}
 j - 2 potions of ambrosia {unknown}
 l - 4 potions of curing {unknown}
 n - 2 potions of brilliance {unknown}
 p - a potion of cancellation {unknown}
 t - a potion of mutation {unknown}
 w - a potion of degeneration {unknown}
 x - 2 potions of lignification {unknown}


   Skills:
 + Level 6.5 Fighting
 * Level 6.2 Maces & Flails
 - Level 5.7 Armour
 - Level 6.8 Shields


You had 7 spell levels left.
You didn't know any spells.
Your spell library contained the following spells:

 Spells                   Type           Power      Damage    Failure   Level
 Freeze                   Ice            0%         1d3       77%         1
 Ensorcelled Hibernation  Hex/Ice        0%         N/A       88%         2
 Lesser Beckoning         Tloc           0%         N/A       88%         2
 Momentum Strike          Conj/Tloc      0%         3d8       88%         2
 Passwall                 Tmut/Erth      0%         N/A       88%         2
 Frozen Ramparts          Ice            0%         1d1       98%         3
 Hailstorm                Conj/Ice       0%         3d3       98%         3
 Stone Arrow              Conj/Erth      0%         3d7       98%         3
 Animate Armour           Summ/Erth      0%         N/A       100%        4
 Ice Form                 Ice/Tmut       0%         N/A       100%        4
 Summon Ice Beast         Ice/Summ       0%         N/A       100%        4
 Lehudib's Crystal Spear  Conj/Erth      0%         10d2      100%        8
 Blink                    Tloc           Unusable   N/A       N/A         2
 Swiftness                Air            Unusable   N/A       N/A         3

Dungeon Overview and Level Annotations

Branches:
Dungeon (6/15)             Temple (0/1) D:5

Altars:
Dithmenos
Vehumet

Annotations:
D:6 Maggie


Innate Abilities, Weirdness & Mutations

You cannot be hasted, slowed, berserked, paralysed or teleported.
You can dig through walls and to a lower floor.
You have a pair of large antennae on your head. (SInv)
Your four strong arms can wield two-handed weapons with a shield.


Message History

Maggie is moderately wounded.
Maggie points at you and mumbles some strange words.
The bolt of fire hits you!!
You hit Maggie.
Maggie is moderately wounded.
Maggie casts a spell at you. The bolt of fire misses you.
You sock Maggie!
Maggie is heavily wounded.
Maggie drinks a potion.
Maggie seems to grow stronger.
You sock Maggie!
Maggie is severely wounded.
Maggie hits you with a +1 scimitar of flaming!
Maggie burns you.
You closely miss Maggie.
Maggie is severely wounded.
You block Maggie's attack.
You hit Maggie.
Maggie is severely wounded.
Maggie casts a spell.
Maggie attempts to bespell you!
You are mesmerised by Maggie!
You barely miss Maggie.
Maggie is severely wounded.
Maggie says, "How do the people who live here stand the isolation?"
Maggie hits you with a +1 scimitar of flaming.
Maggie burns you.
You hit Maggie.
Maggie is almost dead.
Maggie closely misses you.
You hit Maggie.
Maggie is almost dead.
Maggie hits you with a +1 scimitar of flaming.
* * * LOW HITPOINT WARNING * * *
Maggie burns you.
* * * LOW HITPOINT WARNING * * *
You closely miss Maggie.
Maggie is almost dead.
Maggie hits you with a +1 scimitar of flaming!!
You die...

..#.....†.###.#.#..........#
.#...........#.#..........#
...........####.#.........
...........####.#.......
.................@....
.............##.....
#+#..........# ....
...........(##..#
##.####.....@#..###.. ..
###....@....... .
........#.......
.........#+###... ..........
. ........... .##.........
#......... #......#..


You could see Maggie (mesmerising, strong).

Vanquished Creatures
  Edmund (D:5)
  An ogre (D:5)
  2 phantoms
  2 scorpions
  3 wights (D:6)
  A howler monkey (D:5)
  5 quasits
  A hound (D:6)
  2 jellies
  A gnoll bouda (D:5)
  Jessica (D:2)
  A sleepcap (D:4)
  4 gnolls
  6 adders
  4 shadow imps
  A white imp (D:4)
  6 ufetubi (D:4)
  2 worms (D:2)
  A dart slug (D:3)
  6 orcs
  9 ball pythons
  9 endoplasms
  2 giant cockroaches
  4 goblins
  6 hobgoblins
  12 kobolds
  4 quokkas
  2 bats
  5 frilled lizards (D:2)
  6 rats
110 creatures vanquished.

Vanquished Creatures (others)
  A demonic plant (D:4)
  A plant (D:1)
2 creatures vanquished.

Grand Total: 112 creatures vanquished

Notes
Turn   | Place    | Note
-------+----------+-------------------------------------------
     0 | D:1      | cforsyth the Formicid Fighter began the quest for the Orb.
     0 | D:1      | Reached XP level 1. HP: 18/18 MP: 1/1
   143 | D:1      | Reached XP level 2. HP: 13/24 MP: 2/2
   560 | D:1      | Found a faded altar of an unknown god.
   568 | D:1      | Reached XP level 3. HP: 23/29 MP: 3/3
  1183 | D:2      | Reached XP level 4. HP: 29/37 MP: 4/4
  1221 | D:2      | Noticed Jessica
  1225 | D:2      | Killed Jessica
  1571 | D:3      | Found a shadowy altar of Dithmenos.
  1621 | D:3      | Reached XP level 5. HP: 38/42 MP: 5/5
  1669 | D:3      | Reached skill level 5 in Shields
  2740 | D:4      | Reached XP level 6. HP: 49/49 MP: 6/6
  3173 | D:4      | Reached XP level 7. HP: 52/55 MP: 7/7
  3401 | D:4      | Reached skill level 5 in Fighting
  3401 | D:4      | Reached skill level 5 in Armour
  3965 | D:5      | Entered Level 5 of the Dungeon
  4094 | D:5      | Noticed Edmund
  4374 | D:5      | Killed Edmund
  4375 | D:5      | Reached XP level 8. HP: 25/63 MP: 8/8
  4622 | D:5      | Found a radiant altar of Vehumet.
  4820 | D:5      | Found a staircase to the Ecumenical Temple.
  5202 | D:5      | Reached skill level 5 in Maces & Flails
  6747 | D:6      | Noticed Maggie
  6766 | D:6      | Mangled by Maggie

Illustrated notes

Levels and vault maps discovered:
D:1:      psy_arrival_dodecagon, layout_loops_ring,
          shapermc_ecumenical_altar_gd, minmay_misc_feat_cross,
          minmay_tetromino_s4
D:2:      layout_loops_ring, minmay_close_crescents, uniq_jessica
D:3:      layout_basic, mainiacjoe_overflow_small_starburst
D:4:      layout_loops_ring, serial_demonic, serial_demonic_b, serial_demonic_a,
          serial_demonic_b, serial_demonic_a, serial_demonic_e, serial_demonic_a
D:5:      layout_layer_cave, nicolae_vehumet_altar_sigil,
          minmay_temple_entry_nine_rooms, uniq_edmund
D:6:      layout_basic, uniq_duvessa, uniq_maggie

Skill      XL: |  1  2  3  4  5  6  7  8 |
---------------+-------------------------+-----
Fighting       | 4 5 6 |  6.5
Armour         | 4 5 |  5.7
Shields        | 5 6 |  6.8
Maces & Flails | 3 4 6 |  6.2

Action                     |  1- 3 |  4- 6 |  7- 9 || total
---------------------------+-------+-------+-------++-------
  Melee: Flail             |    89 |   131 |   104 ||   324
         Dire flail        |       |       |    81 ||    81
  Evoke: Wand              |       |     3 |     2 ||     5
 Armour: Scale mail        |    27 |   114 |    95 ||   236
  Dodge: Dodged            |    27 |    87 |   109 ||   223
  Block: Buckler           |    16 |    47 |    74 ||   137

Table legend: (Time is in decaauts)
 A = Elapsed time spent in this place.
 B = Non-inter-level travel time spent in this place.
 C = Inter-level travel time spent in this place.
 D = Time resting spent in this place.
 E = Time spent auto-exploring this place.
 F = Levels seen in this place.
 G = Mean time per level.
                   A        B        C        D        E       F      G
               +--------+--------+--------+--------+--------+-----+--------+
         Total |   6864 |   6713 |    151 |   1734 |   3847 |   6 | 1144.0 |
       Dungeon |   6864 |   6713 |    151 |   1734 |   3847 |   6 | 1144.0 |
               +--------+--------+--------+--------+--------+-----+--------+

Top non-repeatable levels by time:
     D:5: 2172 daAuts
     D:3: 1418 daAuts
     D:4: 1365 daAuts
     D:1: 826 daAuts
     D:2: 743 daAuts
     D:6: 337 daAuts
